 Dungeon Crawl Stone Soup version 0.24-a0-368-g0e0cebd0f3 (webtiles) character file.

Game seed: 2502097928215732935

197 Ijustatesigmund the Cudgeler (level 5, -1/37 HPs)
             Began as an Octopode Fighter on May 28, 2019.
             Slain by a worker ant (7 damage)
             ... on level 3 of the Dungeon.
             The game lasted 00:04:15 (2375 turns).

Ijustatesigmund the Cudgeler (Octopode Fighter)     Turns: 2375, Time: 00:04:16

Health: -1/37      AC:  1    Str: 18 (20) XL:     5   Next: 75%
Magic:  5/5        EV: 11    Int:  9 (11) God:
Gold:   152        SH:  9    Dex: 11 (12) Spells: 4/4 levels left

rFire    . . .     SeeInvis .   a - +0 flail
rCold    . . .     Gourm    .   b - +0 shield
rNeg     . . .     Faith    .   (helmet restricted)
rPois    .         Spirit   .   (no amulet)
rElec    .         Reflect  .   (no ring)
rCorr    .         Harm     .   (no ring)
MR       .....                  (no ring)
Stlth    ++........             (no ring)
HPRegen  0.12/turn              (no ring)
MPRegen  0.09/turn              (no ring)
                                (no ring)
                                (no ring)

@: mighty
A: almost no armour, stealthy swim, amphibious, 8 rings, constrict 8, camouflage
1, gelatinous body 1
a: no special abilities


You were on level 3 of the Dungeon.
You were not hungry.

You visited 1 branch of the dungeon, and saw 3 of its levels.

You collected 152 gold pieces.

Inventory:

Hand Weapons
 a - a +0 flail (weapon)
Armour
 b - a +0 shield (worn)
Wands
 p - a wand of acid (2)
 r - a wand of disintegration (11)
Potions
 c - a potion of might
 e - a potion of magic
 f - a potion of ambrosia {unknown}
 g - a potion of lignification
 h - a potion of heal wounds {unknown}
 i - a potion of haste {unknown}
 j - a potion of degeneration
 k - a potion of brilliance {unknown}
 l - 2 potions of mutation {unknown}
 n - a potion of curing {unknown}
 o - a potion of agility {unknown}
Comestibles
 d - 7 rations


   Skills:
 + Level 4.3 Fighting
 * Level 4.8 Maces & Flails
 - Level 3.0 Dodging
 - Level 3.0 Shields


You had 4 spell levels left.
You didn't know any spells.
Your spell library was empty.

Dungeon Overview and Level Annotations

Branches:
Dungeon (3/15)

Altars:
Ashenzari
Fedhas
Yredelemnul


Innate Abilities, Weirdness & Mutations

You cannot wear most types of armour.
You are very stealthy in the water. (Stealth+)
You are amphibious.
You can wear up to eight rings at the same time.
You can use your tentacles to constrict eight enemies at once.
Your skin changes colour to match your surroundings (Stealth+).
Your rubbery body absorbs attacks. (AC +1, EV +1)


Message History

You constrict Terence. The worker ant misses you.
Terence hits you with a +0 trident!
* * * LOW HITPOINT WARNING * * *
The worker ant barely misses you.
You hit the worker ant. Your grab misses the worker ant.
Your squeeze misses the worker ant.
The worker ant is lightly wounded.
You constrict Terence. The worker ant barely misses you.
You block Terence's attack.
You hit Terence.
Terence is almost dead.
You constrict Terence.
You kill Terence!
The worker ant bites you.
* * * LOW HITPOINT WARNING * * *
It was a potion of degeneration.
There was something very wrong with that liquid.
You feel weakened.
You feel dopey.
You feel clumsy. The worker ant bites you!
You die...

.. ########._.#######
##......#...'......
......######......
.....##..#.##.....
#######...##...#..##.... .
.......a)##....#...##.[. ..
#.@##.....#....##).
...#######.##......#.....##.
...........#.......#......##
...........##.##........###.
......)....##...........#...
#..#######.######.......#.#.
###....<.....#.......
#....###.##..#.###.##
#.#..............#...


You could see a worker ant.

Vanquished Creatures
  2 orc wizards (D:3)
  Terence (D:3)
  2 adders (D:2)
  2 oozes
  2 dart slugs (D:2)
  4 leopard geckos
  2 orcs (D:3)
  5 bats
  4 giant cockroaches
  11 goblins
  12 hobgoblins
  8 jackals
  5 kobolds
  2 ball pythons (D:1)
  4 frilled lizards (D:2)
  5 rats
  A spectral orc (D:2)
72 creatures vanquished.

Notes
Turn   | Place    | Note
-------+----------+-------------------------------------------
     0 | D:1      | Ijustatesigmund the Octopode Fighter began the quest for
                  | the Orb.
     0 | D:1      | Reached XP level 1. HP: 16/16 MP: 1/1
    73 | D:1      | Reached XP level 2. HP: 21/21 MP: 2/2
   351 | D:1      | Reached XP level 3. HP: 26/26 MP: 3/3
  1155 | D:2      | Reached XP level 4. HP: 21/32 MP: 4/4
  1323 | D:2      | Found a blossoming altar of Fedhas.
  1838 | D:2      | Found a basalt altar of Yredelemnul.
  2069 | D:3      | Found a shattered altar of Ashenzari.
  2072 | D:3      | Reached XP level 5. HP: 27/37 MP: 5/5
  2363 | D:3      | Noticed Terence
  2374 | D:3      | Killed Terence
  2375 | D:3      | Slain by a worker ant

Levels and vault maps discovered:
D:1:      dpeg_arrival_refuge, layout_basic
D:2:      layout_basic, yredelemnul_forgotten_temple_becter,
          fedhas_ov_isle_minmay, minmay_lizard_king
D:3:      minmay_evil_eye, layout_basic, nicolae_ashenzari_panopticon,
          uniq_terence

Skill      XL: |  1  2  3  4 |
---------------+-------------+-----
Maces & Flails | 3 4 |  4.8
Fighting       | 4 |  4.3
Dodging        | |  3.0
Shields        | |  3.0

Action                   |  1- 3 |  4- 6 || total
-------------------------+-------+-------++-------
Melee: Flail             |    59 |    69 ||   128
       Constrict         |    18 |    22 ||    40
       Tentacles         |    10 |     8 ||    18
Evoke: Wand              |       |     1 ||     1
  Use: Scroll            |     4 |     3 ||     7
       Potion            |       |     2 ||     2
 Stab: Sleeping          |     6 |     1 ||     7
  Eat: Chunk             |     1 |     4 ||     5
Armor: Skin              |     3 |     5 ||     8
Dodge: Dodged            |    27 |    35 ||    62
Block: Shield            |    22 |    18 ||    40

Table legend:
 A = Non-vault XP
 B = Vault XP
 C = Vault XP percentage of total XP
 D = Non-vault monster count
 E = Vault monster count
 F = Vault count percentage of total count
                 A         B        C        D         E       F
            +---------+---------+-------+---------+---------+-------
      Total |     238 |      44 |  15.6 |      65 |       7 |   9.7
            +---------+---------+-------+---------+---------+-------
        D:1 |      62 |       0 |   0.0 |      30 |       0 |   0.0
        D:2 |      83 |       8 |   8.8 |      27 |       6 |  18.2
        D:3 |      93 |      36 |  27.9 |       8 |       1 |  11.1
            +---------+---------+-------+---------+---------+-------
